Sabres vs Blue Jackets
Created - 24 février 2014 at 19:11
Goals
|
| Sabres |
2 |
0 |
0 |
0 |
2 |
3 |
| Blue Jackets |
2 |
0 |
0 |
0 |
1 |
2 |
|
Shots
|
| Sabres |
9 |
8 |
3 |
0 |
4 |
20 |
| Blue Jackets |
21 |
3 |
10 |
0 |
4 |
34 |
|
1st period
1. Blue Jackets , Jason Ward 9 (Kevin Bieksa, Wade Redden) at 1:42
2. Sabres , James Neal 15 (Johnny Boychuk, Craig Rivet) at 14:23 (SH)
3. Blue Jackets , Jan Bulis 23 (Marcus Nilson, Blake Wheeler) at 16:54
4. Sabres , Craig Rivet 1 (Steve Downie, Ryan Hollweg) at 18:47 (PP)
Penalties :
Kevin Bieksa (Clb) for Boarding (Minor) at 2:04, Marc Savard (Clb) for Cross-checking (Minor) at 8:59, Mats Sundin (Buf) for Interference (Minor) at 12:26, Pavel Bure (Clb) for Interference (Minor) at 18:34
2nd period
No Goal
Penalties :
Jason Smith (Buf) for Holding (Minor) at 13:30, Dominic Moore (Buf) for Hooking (Minor) at 18:48
3rd period
No Goal
Penalties :
Ole-Kristian Tollefsen (Buf) for Hooking (Minor) at 0:13, Steve Downie (Buf) for Holding (Minor) at 6:17, Craig Rivet (Buf) for Roughing (Minor) at 10:32, Niclas Bergfors (Buf) for Hooking (Minor) at 14:48
Overtime #1
No Goal
Penalties :
No Penalty
Shootout
Penalty Shot by Peter Prucha for Sabres - Shot Misses the Net
Penalty Shot by Marc Savard for Blue Jackets - Stopped by Mike Brodeur
Penalty Shot by Niclas Bergfors for Sabres - Stopped by Miika Kiprusoff
Penalty Shot by Pavel Bure for Blue Jackets - Shot Misses the Net
Penalty Shot by Mats Sundin for Sabres - Goal!
Penalty Shot by David Booth for Blue Jackets - Goal!
Penalty Shot by Dominic Moore for Sabres - Goal!
Penalty Shot by Jan Bulis for Blue Jackets - Stopped by Mike Brodeur
Penalties :
No Penalty
Goalie Stats
Mike Brodeur (Buf), 32 saves from 34 shots - (0,941), W, 13-10-1, 65:00 minutes
Miika Kiprusoff (Clb), 18 saves from 20 shots - (0,900), OTL, 25-17-4, 65:00 minutes
Players Stats for Sabres
Player Name G A P +/- PIM S H SB GA TA FO MP PP MP PK MP
------------------------------------------------------------------------------------
Boyd Devereaux 0 0 0 0 0 0 3 1 0 0 3/6 16:20 0:25 4:51
Craig Rivet 1 1 2 1 2 3 2 0 0 1 0/0 24:03 2:30 4:21
Derick Brassard 0 0 0 0 0 1 0 0 0 0 14/21 16:26 1:23 0:12
Dominic Moore 0 0 0 -1 2 0 1 1 0 0 5/16 18:30 0:00 6:13
James Neal 1 0 1 0 0 2 1 1 0 0 0/0 15:48 2:05 2:36
Jason Smith 0 0 0 -2 2 2 1 0 0 3 0/0 28:00 1:41 7:00
Johnny Boychuk 0 1 1 1 0 2 1 1 0 1 0/0 24:41 2:30 5:09
Kyle Calder 0 0 0 0 0 0 0 0 0 0 0/0 8:34 0:49 0:00
Ladislav Smid 0 0 0 0 0 0 0 0 0 1 0/0 13:49 0:00 2:42
Mats Sundin 0 0 0 -1 2 0 0 1 0 0 2/4 18:55 2:06 5:45
Mike Fisher 0 0 0 0 0 0 1 0 0 0 0/4 12:15 0:00 3:20
Nathan Paetsch 0 0 0 0 0 2 0 0 0 1 0/0 11:58 0:00 0:47
Niclas Bergfors 0 0 0 0 2 3 3 0 1 0 1/1 17:47 1:23 0:00
Ole-Kristian Tollefsen 0 0 0 -2 2 1 0 5 2 0 0/0 27:36 1:41 6:38
Peter Prucha 0 0 0 -1 0 1 2 0 1 0 1/1 11:40 0:45 0:00
Richard Zednik 0 0 0 0 0 2 0 0 0 0 0/0 7:37 0:21 0:00
Ryan Hollweg 0 1 1 0 0 0 0 0 1 0 0/0 15:40 1:10 0:00
Steve Downie 0 1 1 -1 2 1 1 2 0 0 1/4 16:21 2:06 3:07
Players Stats for Blue Jackets
Player Name G A P +/- PIM S H SB GA TA FO MP PP MP PK MP
------------------------------------------------------------------------------------
Adam Deadmarsh 0 0 0 0 0 2 1 0 0 1 0/0 7:38 0:00 0:00
Bates Battaglia 0 0 0 0 0 1 1 0 0 0 0/0 9:44 0:00 1:00
Blake Wheeler 0 1 1 0 0 1 1 0 1 0 0/3 18:08 5:45 2:03
Brad Stuart 0 0 0 0 0 1 1 0 0 1 0/0 12:53 0:00 0:25
Branislav Mezei 0 0 0 0 0 0 2 2 0 0 0/0 22:35 5:18 1:42
Chris Kelly 0 0 0 1 0 0 2 0 0 1 2/5 13:41 0:00 0:59
Dave Steckel 0 0 0 0 0 0 0 0 0 0 2/3 8:00 0:00 0:07
David Booth 0 0 0 0 0 3 0 1 0 1 0/0 22:12 7:34 0:07
Derek Morris 0 0 0 0 0 0 0 1 1 0 0/0 22:21 5:18 1:34
Greg De Vries 0 0 0 0 0 0 0 1 0 0 0/0 13:32 0:00 0:51
Jan Bulis 1 0 1 0 0 5 2 0 1 1 7/13 17:54 5:45 1:12
Jason Ward 1 0 1 1 0 3 2 0 0 0 0/0 10:46 0:00 0:00
Kevin Bieksa 0 1 1 1 2 5 3 0 2 0 0/0 29:12 8:01 1:21
Marc Savard 0 0 0 0 2 3 2 1 0 0 17/31 24:15 7:34 1:15
Marcus Nilson 0 1 1 0 0 4 2 0 1 0 0/0 16:05 5:45 0:00
Pavel Bure 0 0 0 0 2 3 1 1 0 0 2/2 24:39 7:34 1:39
Ramzi Abid 0 0 0 1 0 1 2 0 0 0 0/0 12:40 0:00 0:00
Wade Redden 0 1 1 1 0 2 2 2 1 0 0/0 29:31 8:01 2:29
3 Stars
1 - Craig Rivet (Buf)
2 - Jason Ward (Clb)
3 - Jan Bulis (Clb)
Power Play
Sabres - 1 on 3 Attempt(s) - 33,33%
Blue Jackets - 0 on 7 Attempt(s) - 0,00%
Penalty Kill
Sabres - 7 on 7 Attempt(s) - 100,00%
- Score 1 goal in Penalty Kill
Blue Jackets - 2 on 3 Attempt(s) - 66,67%
- Score 0 goal in Penalty Kill
Official
Referees : Watson Brad and Joannette Marc
Linesman : Pierre Racicot and Andy McElman
Game Notes
No Game Note
Finance
Level 1 -- Attendance: 4196 (69,93%) -- Ticket Income 377 640 $
Level 2 -- Attendance: 3892 (77,84%) -- Ticket Income 214 060 $
Level 3 -- Attendance: 1931 (96,55%) -- Ticket Income 57 930 $
Level 4 -- Attendance: 3375 (84,38%) -- Ticket Income 67 500 $
Luxury Box -- Attendance: 743 (74,30%) -- Ticket Income 137 455 $
Game was played at the Ohio State Arena
Total Attendance: 14137 (78,54%)
Total Ticket Income: 854 585 $
Other Income: 128 188 $
Total Income: 982 773 $
Sabres
5 vs 5 Forward
Center Left Wing Right Wing Time % Phy DF OF
1 Derick Brassard Ryan Hollweg Niclas Bergfors 40 1 3 1
2 Dominic Moore Mats Sundin Steve Downie 30 1 3 1
3 Boyd Devereaux James Neal Peter Prucha 20 1 3 1
4 Mike Fisher Kyle Calder Richard Zednik 10 1 3 1
5 vs 5 Defense
Defense Defense Time % Phy DF OF
1 Ole-Kristian Tollefsen Jason Smith 35 1 3 1
2 Johnny Boychuk Craig Rivet 35 1 3 1
3 Ladislav Smid Nathan Paetsch 20 1 3 1
4 Ole-Kristian Tollefsen Jason Smith 10 1 1 3
PowerPlay Forward
Center Left Wing Right Wing Time % Phy DF OF
1 Derick Brassard James Neal Niclas Bergfors 60 0 1 4
2 Mats Sundin Ryan Hollweg Steve Downie 40 2 0 3
PowerPlay Defense
Defense Defense Time % Phy DF OF
1 Johnny Boychuk Craig Rivet 60 1 1 3
2 Ole-Kristian Tollefsen Jason Smith 40 1 1 3
Penalty Kill 4 Players Forward
Center Wing Time % Phy DF OF
1 Dominic Moore Mats Sundin 60 1 3 1
2 Boyd Devereaux Mike Fisher 40 1 4 0
Penalty Kill 4 Players Defense
Defense Defense Time % Phy DF OF
1 Ole-Kristian Tollefsen Jason Smith 60 1 4 0
2 Johnny Boychuk Craig Rivet 40 1 4 0
Penalty Kill - 3 Players Forward
Forward Time % Phy DF OF
1 Dominic Moore 60 0 5 0
2 Boyd Devereaux 40 0 5 0
Penalty Kill - 3 Players Defense
Defense Defense Time % Phy DF OF
1 Ole-Kristian Tollefsen Jason Smith 60 1 4 0
2 Johnny Boychuk Craig Rivet 40 1 4 0
4 vs 4 Forward
Center Wing Time % Phy DF OF
1 Boyd Devereaux Niclas Bergfors 60 0 3 2
2 Dominic Moore Mike Fisher 40 1 3 1
4 vs 4 Defense
Defense Defense Time % Phy DF OF
1 Johnny Boychuk Craig Rivet 60 1 3 1
2 Ole-Kristian Tollefsen Jason Smith 40 1 3 1
Last Minutes Offensive
Center Left Wing Right Wing Defense Defense
Derick Brassard Mats Sundin Niclas Bergfors Ole-Kristian Tollefsen Jason Smith
Last Minutes Defensive
Center Left Wing Right Wing Defense Defense
Dominic Moore Boyd Devereaux Mats Sundin Ole-Kristian Tollefsen Jason Smith
Goaltenders
Starting : Mike Brodeur
Backup : Ty Conklin
Extra Forwards
Normal : James Neal, Mike Fisher, Peter Prucha - PP : Kyle Calder, Peter Prucha - PK : Steve Downie
Extra Defensemen
Normal : Nathan Paetsch, Ladislav Smid, Johnny Boychuk - PP : Nathan Paetsch - PK : Ladislav Smid, Nathan Paetsch
Penalty Shots
Peter Prucha, Niclas Bergfors, Mats Sundin, Dominic Moore, Boyd Devereaux
Blue Jackets
5 vs 5 Forward
Center Left Wing Right Wing Time % Phy DF OF
1 Marc Savard David Booth Pavel Bure 40 1 2 2
2 Jan Bulis Marcus Nilson Blake Wheeler 30 1 2 2
3 Chris Kelly Ramzi Abid Jason Ward 25 1 2 2
4 Dave Steckel Bates Battaglia Adam Deadmarsh 5 1 2 2
5 vs 5 Defense
Defense Defense Time % Phy DF OF
1 Wade Redden Kevin Bieksa 40 1 2 2
2 Branislav Mezei Derek Morris 30 1 2 2
3 Brad Stuart Greg De Vries 20 1 2 2
4 Wade Redden Kevin Bieksa 10 1 2 2
PowerPlay Forward
Center Left Wing Right Wing Time % Phy DF OF
1 Marc Savard David Booth Pavel Bure 60 1 2 2
2 Jan Bulis Marcus Nilson Blake Wheeler 40 1 2 2
PowerPlay Defense
Defense Defense Time % Phy DF OF
1 Wade Redden Kevin Bieksa 60 1 2 2
2 Branislav Mezei Derek Morris 40 1 2 2
Penalty Kill 4 Players Forward
Center Wing Time % Phy DF OF
1 Marc Savard Pavel Bure 60 1 2 2
2 Jan Bulis Blake Wheeler 40 1 2 2
Penalty Kill 4 Players Defense
Defense Defense Time % Phy DF OF
1 Wade Redden Kevin Bieksa 60 1 2 2
2 Branislav Mezei Derek Morris 40 1 2 2
Penalty Kill - 3 Players Forward
Forward Time % Phy DF OF
1 Jan Bulis 60 1 2 2
2 Chris Kelly 40 1 2 2
Penalty Kill - 3 Players Defense
Defense Defense Time % Phy DF OF
1 Wade Redden Kevin Bieksa 60 1 2 2
2 Branislav Mezei Derek Morris 40 1 2 2
4 vs 4 Forward
Center Wing Time % Phy DF OF
1 Marc Savard Pavel Bure 60 1 2 2
2 Jan Bulis Ramzi Abid 40 1 2 2
4 vs 4 Defense
Defense Defense Time % Phy DF OF
1 Wade Redden Kevin Bieksa 60 1 2 2
2 Branislav Mezei Derek Morris 40 1 2 2
Last Minutes Offensive
Center Left Wing Right Wing Defense Defense
Marc Savard David Booth Pavel Bure Wade Redden Kevin Bieksa
Last Minutes Defensive
Center Left Wing Right Wing Defense Defense
Marc Savard David Booth Pavel Bure Wade Redden Kevin Bieksa
Goaltenders
Starting : Miika Kiprusoff
Backup : Jaroslav Halak
Extra Forwards
Normal : Chris Kelly, Marc Savard, Ramzi Abid - PP : Chris Kelly, Pavel Bure - PK : Blake Wheeler
Extra Defensemen
Normal : Brad Stuart, Greg De Vries, Branislav Mezei - PP : Brad Stuart - PK : Greg De Vries, Branislav Mezei
Penalty Shots
Marc Savard, Pavel Bure, David Booth, Jan Bulis, Chris Kelly
% Time on Ice - Sabres
Lines # - Real PCT - Wanted PCT - Time Play
Normal Forward
1 - 38% - 40% - 16:03
2 - 25% - 30% - 10:30
3 - 21% - 20% - 9:07
4 - 16% - 10% - 6:50
Normal Defense
1 - 36% - 35% - 15:06
2 - 36% - 35% - 15:21
3 - 23% - 20% - 9:59
4 - 5% - 10% - 2:04
PP Forward
1 - 50% - 60% - 2:05
2 - 50% - 40% - 2:06
PP Defense
1 - 60% - 60% - 2:30
2 - 40% - 40% - 1:41
PK Forward
1 - 74% - 60% - 9:25
2 - 26% - 40% - 3:20
PK Defense
1 - 58% - 60% - 7:26
2 - 42% - 40% - 5:19
PK3 Forward
1 - 100% - 60% - 0:34
2 - 0% - 40% - 0:00
PK3 Defense
1 - 100% - 60% - 0:34
2 - 0% - 40% - 0:00
44 Forward
1 - 95% - 60% - 4:46
2 - 5% - 40% - 0:14
44 Defense
1 - 63% - 60% - 3:10
2 - 37% - 40% - 1:50
Last Minute Offensive - 0:00
Last Minute Defensive - 0:00
Total
Forward - 65:00
Defense - 65:00
|
% Time on Ice - Blue Jackets
Lines # - Real PCT - Wanted PCT - Time Play
Normal Forward
1 - 33% - 40% - 14:04
2 - 24% - 30% - 10:20
3 - 25% - 25% - 10:46
4 - 17% - 5% - 7:20
Normal Defense
1 - 38% - 40% - 16:06
2 - 32% - 30% - 13:25
3 - 26% - 20% - 11:12
4 - 4% - 10% - 1:47
PP Forward
1 - 57% - 60% - 7:34
2 - 43% - 40% - 5:45
PP Defense
1 - 60% - 60% - 8:01
2 - 40% - 40% - 5:18
PK Forward
1 - 71% - 60% - 2:59
2 - 29% - 40% - 1:12
PK Defense
1 - 63% - 60% - 2:37
2 - 37% - 40% - 1:34
PK3 Forward
1 - 0% - 60%
2 - 0% - 40%
PK3 Defense
1 - 0% - 60%
2 - 0% - 40%
44 Forward
1 - 88% - 60% - 4:23
2 - 12% - 40% - 0:37
44 Defense
1 - 63% - 60% - 3:09
2 - 37% - 40% - 1:51
Last Minute Offensive - 0:00
Last Minute Defensive - 0:00
Total
Forward - 65:00
Defense - 65:00
|
Play by Play
1st period
0:01 of 1st period - Marc Savard wins face-off versus Derick Brassard in neutral zone.
0:34 of 1st period - Off-side.
0:35 of 1st period - Boyd Devereaux wins face-off versus Chris Kelly in neutral zone.
0:38 of 1st period - Slapshot by James Neal.
0:38 of 1st period - Shot Misses the Net.
1:11 of 1st period - Snap shot by Marc Savard.
1:11 of 1st period - Stopped by Mike Brodeur with a rebound.
1:13 of 1st period - Snap shot by Pavel Bure.
1:13 of 1st period - Stopped by Mike Brodeur without a rebound.
1:14 of 1st period - Jan Bulis wins face-off versus Dominic Moore in Sabres zone.
1:32 of 1st period - Icing by Mats Sundin.
1:33 of 1st period - Chris Kelly wins face-off versus Dominic Moore in Sabres zone.
1:36 of 1st period - Snap shot by Chris Kelly.
1:36 of 1st period - Shot Blocked by Ole-Kristian Tollefsen.
1:38 of 1st period - Snap shot by Chris Kelly.
1:38 of 1st period - Shot Blocked by Steve Downie.
1:40 of 1st period - Wrist shot by Wade Redden.
1:40 of 1st period - Shot Blocked by Ole-Kristian Tollefsen.
1:42 of 1st period - Slapshot by Kevin Bieksa.
1:42 of 1st period - Deflect By Jason Ward.
1:42 of 1st period - Goal by Jason Ward - Sabres : 0 - Blue Jackets : 1.
1:43 of 1st period - Marc Savard wins face-off versus Derick Brassard in neutral zone.
1:50 of 1st period - Backhand shot by David Booth.
1:50 of 1st period - Stopped by Mike Brodeur with a rebound.
2:04 of 1st period - Minor Penalty to Kevin Bieksa for Boarding.
2:05 of 1st period - Derick Brassard wins face-off versus Marc Savard in Blue Jackets zone.
2:06 of 1st period - Snap shot by James Neal.
2:06 of 1st period - Shot Misses the Net.
2:08 of 1st period - Slapshot by Johnny Boychuk.
2:08 of 1st period - Deflect By Greg De Vries.
2:08 of 1st period - Stopped by Miika Kiprusoff with a rebound.
3:59 of 1st period - Johnny Boychuk is hit by Chris Kelly and loses puck.
4:04 of 1st period - Penalty to Kevin Bieksa is over, Kevin Bieksa is back on ice.
4:12 of 1st period - Snap shot by Kevin Bieksa.
4:12 of 1st period - Shot Misses the Net.
4:18 of 1st period - Brad Stuart is hit by Mike Fisher.
4:58 of 1st period - Nathan Paetsch is hit by Jan Bulis and loses puck.
6:37 of 1st period - Jason Smith is hit by Wade Redden and loses puck.
7:02 of 1st period - Nathan Paetsch is hit by Adam Deadmarsh and loses puck.
7:13 of 1st period - Snap shot by Adam Deadmarsh.
7:13 of 1st period - Stopped by Mike Brodeur with a rebound.
7:25 of 1st period - Derick Brassard is hit by Blake Wheeler.
7:29 of 1st period - Niclas Bergfors is hit by Marcus Nilson and loses puck.
8:17 of 1st period - Marc Savard is hit by Niclas Bergfors and loses puck.
8:29 of 1st period - Wrist shot by Niclas Bergfors.
8:29 of 1st period - Stopped by Miika Kiprusoff with a rebound.
8:35 of 1st period - Niclas Bergfors is hit by Kevin Bieksa and loses puck.
8:42 of 1st period - Snap shot by David Booth.
8:42 of 1st period - Shot Blocked by Johnny Boychuk.
8:59 of 1st period - Minor Penalty to Marc Savard for Cross-checking.
9:00 of 1st period - Mats Sundin wins face-off versus Blake Wheeler in Blue Jackets zone.
9:04 of 1st period - Wrist shot by Mats Sundin.
9:04 of 1st period - Shot Misses the Net.
9:06 of 1st period - Slapshot by Jason Smith.
9:06 of 1st period - Stopped by Miika Kiprusoff without a rebound.
9:07 of 1st period - Jan Bulis wins face-off versus Mats Sundin in Blue Jackets zone.
9:44 of 1st period - Wrist shot by James Neal.
9:44 of 1st period - Stopped by Miika Kiprusoff with a rebound.
9:46 of 1st period - Wrist shot by James Neal.
9:46 of 1st period - Shot Misses the Net.
10:04 of 1st period - Branislav Mezei is hit by James Neal and loses puck.
10:43 of 1st period - Blake Wheeler is hit by Niclas Bergfors and loses puck.
10:59 of 1st period - Penalty to Marc Savard is over, Marc Savard is back on ice.
12:24 of 1st period - Snap shot by Blake Wheeler.
12:24 of 1st period - Shot Blocked by Ole-Kristian Tollefsen.
12:26 of 1st period - Minor Penalty to Mats Sundin for Interference.
12:27 of 1st period - Pavel Bure wins face-off versus Dominic Moore in Sabres zone.
13:01 of 1st period - Icing by Wade Redden.
13:02 of 1st period - Marc Savard wins face-off versus Dominic Moore in Blue Jackets zone.
13:02 of 1st period - Marc Savard is hit by Dominic Moore.
13:08 of 1st period - Slapshot by Kevin Bieksa.
13:08 of 1st period - Shot Misses the Net.
13:29 of 1st period - Wrist shot by Pavel Bure.
13:29 of 1st period - Shot Misses the Net.
13:31 of 1st period - Slapshot by Kevin Bieksa.
13:31 of 1st period - Stopped by Mike Brodeur with a rebound.
13:33 of 1st period - Snap shot by Pavel Bure.
13:33 of 1st period - Shot Misses the Net.
13:35 of 1st period - Wrist shot by Marc Savard.
13:35 of 1st period - Deflect By David Booth.
13:35 of 1st period - Shot Blocked by James Neal.
13:35 of 1st period - Puck is out of play.
13:36 of 1st period - Dominic Moore wins face-off versus Jan Bulis in Sabres zone.
13:47 of 1st period - Snap shot by Marcus Nilson.
13:47 of 1st period - Stopped by Mike Brodeur with a rebound.
14:23 of 1st period - Slapshot by Johnny Boychuk.
14:23 of 1st period - Deflect By James Neal.
14:23 of 1st period - Goal by James Neal - Sabres : 1 - Blue Jackets : 1.
14:24 of 1st period - Marc Savard wins face-off versus Steve Downie in neutral zone.
14:26 of 1st period - Penalty to Mats Sundin is over, Mats Sundin is back on ice.
14:37 of 1st period - Slapshot by Pavel Bure.
14:37 of 1st period - Stopped by Mike Brodeur with a rebound.
14:39 of 1st period - Slapshot by Wade Redden.
14:39 of 1st period - Stopped by Mike Brodeur without a rebound.
14:40 of 1st period - Derick Brassard wins face-off versus Jan Bulis in Sabres zone.
14:45 of 1st period - Wrist shot by Jan Bulis.
14:45 of 1st period - Stopped by Mike Brodeur with a rebound.
14:51 of 1st period - Wrist shot by Marcus Nilson.
14:51 of 1st period - Shot Blocked by Ole-Kristian Tollefsen.
14:53 of 1st period - Slapshot by Kevin Bieksa.
14:53 of 1st period - Stopped by Mike Brodeur without a rebound.
14:54 of 1st period - Pavel Bure wins face-off versus Dominic Moore in Sabres zone.
15:05 of 1st period - Slapshot by Steve Downie.
15:05 of 1st period - Shot Misses the Net.
15:07 of 1st period - Slapshot by Ole-Kristian Tollefsen.
15:07 of 1st period - Stopped by Miika Kiprusoff without a rebound.
15:08 of 1st period - Derick Brassard wins face-off versus Blake Wheeler in Blue Jackets zone.
16:00 of 1st period - Snap shot by Adam Deadmarsh.
16:00 of 1st period - Stopped by Mike Brodeur with a rebound.
16:02 of 1st period - Slapshot by Brad Stuart.
16:02 of 1st period - Stopped by Mike Brodeur without a rebound.
16:03 of 1st period - Derick Brassard wins face-off versus Marc Savard in Sabres zone.
16:38 of 1st period - Wrist shot by Jan Bulis.
16:38 of 1st period - Stopped by Mike Brodeur without a rebound.
16:39 of 1st period - Jan Bulis wins face-off versus Boyd Devereaux in Sabres zone.
16:52 of 1st period - Snap shot by Marcus Nilson.
16:52 of 1st period - Shot Misses the Net.
16:54 of 1st period - Snap shot by Jan Bulis.
16:54 of 1st period - Goal by Jan Bulis - Sabres : 1 - Blue Jackets : 2.
16:55 of 1st period - Derick Brassard wins face-off versus Marc Savard in neutral zone.
17:00 of 1st period - Snap shot by Pavel Bure.
17:00 of 1st period - Stopped by Mike Brodeur without a rebound.
17:01 of 1st period - Derick Brassard wins face-off versus Marc Savard in Sabres zone.
17:04 of 1st period - Wrist shot by Marc Savard.
17:04 of 1st period - Stopped by Mike Brodeur with a rebound.
17:06 of 1st period - Snap shot by Wade Redden.
17:06 of 1st period - Shot Misses the Net.
17:08 of 1st period - Slapshot by Kevin Bieksa.
17:08 of 1st period - Stopped by Mike Brodeur without a rebound.
17:09 of 1st period - Marc Savard wins face-off versus Dominic Moore in Sabres zone.
17:10 of 1st period - Wrist shot by David Booth.
17:10 of 1st period - Stopped by Mike Brodeur with a rebound.
17:41 of 1st period - Wrist shot by Ryan Hollweg.
17:41 of 1st period - Shot Misses the Net.
17:43 of 1st period - Wrist shot by Ryan Hollweg.
17:43 of 1st period - Shot Misses the Net.
17:45 of 1st period - Slapshot by Craig Rivet.
17:45 of 1st period - Stopped by Miika Kiprusoff with a rebound.
17:47 of 1st period - Slapshot by Craig Rivet.
17:47 of 1st period - Shot Misses the Net.
18:34 of 1st period - Minor Penalty to Pavel Bure for Interference.
18:35 of 1st period - Mats Sundin wins face-off versus Blake Wheeler in Blue Jackets zone.
18:43 of 1st period - Wrist shot by Steve Downie.
18:43 of 1st period - Shot Misses the Net.
18:45 of 1st period - Slapshot by Craig Rivet.
18:45 of 1st period - Stopped by Miika Kiprusoff with a rebound.
18:47 of 1st period - Slapshot by Craig Rivet.
18:47 of 1st period - Goal by Craig Rivet - Sabres : 2 - Blue Jackets : 2.
18:48 of 1st period - Jan Bulis wins face-off versus Derick Brassard in neutral zone.
19:49 of 1st period - Slapshot by Marcus Nilson.
19:49 of 1st period - Stopped by Mike Brodeur with a rebound.
19:51 of 1st period - Slapshot by Derek Morris.
19:51 of 1st period - Shot Misses the Net.
19:53 of 1st period - Snap shot by Branislav Mezei.
19:53 of 1st period - Shot Blocked by Boyd Devereaux.
19:55 of 1st period - Wrist shot by Blake Wheeler.
19:55 of 1st period - Stopped by Mike Brodeur without a rebound.
19:56 of 1st period - Dominic Moore wins face-off versus Marc Savard in Sabres zone.
Goals for this period are 2 for Sabres vs 2 for Blue Jackets.
Shots for this period are 9 for Sabres vs 21 for Blue Jackets.
2nd period
0:01 of 2nd period - Derick Brassard wins face-off versus Marc Savard in neutral zone.
0:20 of 2nd period - Niclas Bergfors is hit by Pavel Bure and loses puck.
0:31 of 2nd period - Snap shot by Mats Sundin.
0:31 of 2nd period - Shot Misses the Net.
0:39 of 2nd period - Wrist shot by Steve Downie.
0:39 of 2nd period - Stopped by Miika Kiprusoff with a rebound.
0:41 of 2nd period - Wrist shot by Mats Sundin.
0:41 of 2nd period - Shot Blocked by Wade Redden.
0:59 of 2nd period - Wrist shot by Richard Zednik.
0:59 of 2nd period - Deflect By Mike Fisher.
0:59 of 2nd period - Shot Misses the Net.
0:59 of 2nd period - Puck is out of play.
1:00 of 2nd period - Derick Brassard wins face-off versus Marc Savard in Blue Jackets zone.
1:12 of 2nd period - Wrist shot by Niclas Bergfors.
1:12 of 2nd period - Stopped by Miika Kiprusoff with a rebound.
1:37 of 2nd period - Icing by Chris Kelly.
1:38 of 2nd period - Dominic Moore wins face-off versus Chris Kelly in Blue Jackets zone.
2:19 of 2nd period - Wrist shot by Derick Brassard.
2:19 of 2nd period - Deflect By Ryan Hollweg.
2:19 of 2nd period - Shot Blocked by Wade Redden.
2:19 of 2nd period - Puck is out of play.
2:20 of 2nd period - Marc Savard wins face-off versus Boyd Devereaux in Blue Jackets zone.
2:27 of 2nd period - Wrist shot by Peter Prucha.
2:27 of 2nd period - Shot Misses the Net.
2:29 of 2nd period - Snap shot by Jason Smith.
2:29 of 2nd period - Stopped by Miika Kiprusoff with a rebound.
2:31 of 2nd period - Wrist shot by Boyd Devereaux.
2:31 of 2nd period - Shot Blocked by Marc Savard.
2:33 of 2nd period - Wrist shot by James Neal.
2:33 of 2nd period - Deflect By Boyd Devereaux.
2:33 of 2nd period - Shot Misses the Net.
2:33 of 2nd period - Puck is out of play.
2:34 of 2nd period - Jan Bulis wins face-off versus Derick Brassard in Blue Jackets zone.
2:59 of 2nd period - Marc Savard is hit by Steve Downie and loses puck.
3:25 of 2nd period - Snap shot by James Neal.
3:25 of 2nd period - Shot Blocked by Greg De Vries.
3:27 of 2nd period - Slapshot by Boyd Devereaux.
3:27 of 2nd period - Shot Misses the Net.
3:29 of 2nd period - Wrist shot by Peter Prucha.
3:29 of 2nd period - Stopped by Miika Kiprusoff with a rebound.
3:31 of 2nd period - Slapshot by Boyd Devereaux.
3:31 of 2nd period - Shot Misses the Net.
3:49 of 2nd period - Snap shot by Richard Zednik.
3:49 of 2nd period - Stopped by Miika Kiprusoff without a rebound.
3:50 of 2nd period - Marc Savard wins face-off versus Derick Brassard in Blue Jackets zone.
4:22 of 2nd period - Snap shot by Dominic Moore.
4:22 of 2nd period - Shot Misses the Net.
4:38 of 2nd period - Peter Prucha is hit by Jason Ward and loses puck.
5:03 of 2nd period - Slapshot by Richard Zednik.
5:03 of 2nd period - Stopped by Miika Kiprusoff with a rebound.
5:10 of 2nd period - Off-side.
5:11 of 2nd period - Niclas Bergfors wins face-off versus Dave Steckel in neutral zone.
5:58 of 2nd period - Marcus Nilson is hit by Peter Prucha and loses puck.
7:25 of 2nd period - Craig Rivet is hit by Jason Ward and loses puck.
7:54 of 2nd period - Slapshot by Niclas Bergfors.
7:54 of 2nd period - Deflect By Derick Brassard.
7:54 of 2nd period - Stopped by Miika Kiprusoff without a rebound.
7:55 of 2nd period - Derick Brassard wins face-off versus Marc Savard in Blue Jackets zone.
8:21 of 2nd period - Ole-Kristian Tollefsen is hit by Jan Bulis and loses puck.
8:28 of 2nd period - Marcus Nilson is hit by Peter Prucha and loses puck.
8:49 of 2nd period - Snap shot by Jason Ward.
8:49 of 2nd period - Stopped by Mike Brodeur with a rebound.
9:23 of 2nd period - Dominic Moore is hit by Marc Savard and loses puck.
10:04 of 2nd period - Jason Ward is hit by Niclas Bergfors and loses puck.
10:15 of 2nd period - Ole-Kristian Tollefsen is hit by Ramzi Abid and loses puck.
10:32 of 2nd period - Kyle Calder is hit by Kevin Bieksa and loses puck.
10:54 of 2nd period - Off-side.
10:55 of 2nd period - Derick Brassard wins face-off versus Jan Bulis in neutral zone.
11:01 of 2nd period - Icing by Ryan Hollweg.
11:02 of 2nd period - Derick Brassard wins face-off versus Jan Bulis in Sabres zone.
11:09 of 2nd period - Slapshot by Brad Stuart.
11:09 of 2nd period - Deflect By Marcus Nilson.
11:09 of 2nd period - Shot Misses the Net.
11:09 of 2nd period - Puck is out of play.
11:10 of 2nd period - Derick Brassard wins face-off versus Marc Savard in Sabres zone.
11:39 of 2nd period - Snap shot by Peter Prucha.
11:39 of 2nd period - Shot Misses the Net.
12:20 of 2nd period - Slapshot by Chris Kelly.
12:20 of 2nd period - Shot Misses the Net.
12:30 of 2nd period - Wrist shot by Niclas Bergfors.
12:30 of 2nd period - Shot Blocked by Branislav Mezei.
12:40 of 2nd period - Snap shot by Derek Morris.
12:40 of 2nd period - Deflect By Dave Steckel.
12:40 of 2nd period - Shot Misses the Net.
12:40 of 2nd period - Puck is out of play.
12:41 of 2nd period - Dave Steckel wins face-off versus Mike Fisher in Sabres zone.
13:30 of 2nd period - Minor Penalty to Jason Smith for Holding.
13:31 of 2nd period - Marc Savard wins face-off versus Dominic Moore in Sabres zone.
15:30 of 2nd period - Penalty to Jason Smith is over, Jason Smith is back on ice.
16:06 of 2nd period - Slapshot by Wade Redden.
16:06 of 2nd period - Stopped by Mike Brodeur without a rebound.
16:07 of 2nd period - Dave Steckel wins face-off versus Mike Fisher in Sabres zone.
16:36 of 2nd period - Wrist shot by Richard Zednik.
16:36 of 2nd period - Shot Misses the Net.
16:38 of 2nd period - Backhand shot by Nathan Paetsch.
16:38 of 2nd period - Stopped by Miika Kiprusoff without a rebound.
16:39 of 2nd period - Marc Savard wins face-off versus Derick Brassard in Blue Jackets zone.
17:29 of 2nd period - Boyd Devereaux is hit by Chris Kelly and loses puck.
18:16 of 2nd period - Slapshot by Wade Redden.
18:16 of 2nd period - Shot Misses the Net.
18:48 of 2nd period - Minor Penalty to Dominic Moore for Hooking.
18:49 of 2nd period - Steve Downie wins face-off versus Marc Savard in Sabres zone.
19:29 of 2nd period - Snap shot by Jan Bulis.
19:29 of 2nd period - Shot Misses the Net.
19:31 of 2nd period - Snap shot by Jan Bulis.
19:31 of 2nd period - Stopped by Mike Brodeur with a rebound.
19:51 of 2nd period - James Neal is hit by Wade Redden and loses puck.
Goals for this period are 0 for Sabres vs 0 for Blue Jackets.
Shots for this period are 8 for Sabres vs 3 for Blue Jackets.
3rd period
0:01 of 3rd period - Marc Savard wins face-off versus Mats Sundin in neutral zone.
0:04 of 3rd period - Slapshot by Wade Redden.
0:04 of 3rd period - Shot Blocked by Mats Sundin.
0:06 of 3rd period - Wrist shot by Pavel Bure.
0:06 of 3rd period - Deflect By David Booth.
0:06 of 3rd period - Shot Blocked by Ole-Kristian Tollefsen.
0:06 of 3rd period - Puck is out of play.
0:07 of 3rd period - Marc Savard wins face-off versus Steve Downie in Sabres zone.
0:13 of 3rd period - Minor Penalty to Ole-Kristian Tollefsen for Hooking.
0:14 of 3rd period - Marc Savard wins face-off versus Steve Downie in Sabres zone.
0:48 of 3rd period - Penalty to Dominic Moore is over, Dominic Moore is back on ice.
0:49 of 3rd period - Off-side.
0:50 of 3rd period - Dominic Moore wins face-off versus Marc Savard in neutral zone.
1:15 of 3rd period - Jan Bulis is hit by Boyd Devereaux and loses puck.
2:13 of 3rd period - Penalty to Ole-Kristian Tollefsen is over, Ole-Kristian Tollefsen is back on ice.
2:21 of 3rd period - Johnny Boychuk is hit by Kevin Bieksa and loses puck.
2:26 of 3rd period - Slapshot by Jason Ward.
2:26 of 3rd period - Stopped by Mike Brodeur with a rebound.
2:28 of 3rd period - Wrist shot by Chris Kelly.
2:28 of 3rd period - Shot Misses the Net.
2:52 of 3rd period - Jason Smith is hit by Bates Battaglia and loses puck.
3:58 of 3rd period - Bates Battaglia is hit by Johnny Boychuk and loses puck.
4:23 of 3rd period - Wrist shot by Marc Savard.
4:23 of 3rd period - Deflect By Kyle Calder.
4:23 of 3rd period - Stopped by Mike Brodeur without a rebound.
4:24 of 3rd period - Marc Savard wins face-off versus Mike Fisher in Sabres zone.
4:38 of 3rd period - Slapshot by Kevin Bieksa.
4:38 of 3rd period - Stopped by Mike Brodeur with a rebound.
4:53 of 3rd period - Icing by David Booth.
4:54 of 3rd period - Boyd Devereaux wins face-off versus Marc Savard in Blue Jackets zone.
5:30 of 3rd period - Off-side.
5:31 of 3rd period - Chris Kelly wins face-off versus Dominic Moore in neutral zone.
5:42 of 3rd period - Slapshot by Johnny Boychuk.
5:42 of 3rd period - Stopped by Miika Kiprusoff with a rebound.
5:45 of 3rd period - Icing by Jason Ward.
5:46 of 3rd period - Derick Brassard wins face-off versus Chris Kelly in Blue Jackets zone.
5:47 of 3rd period - Wrist shot by Ryan Hollweg.
5:47 of 3rd period - Shot Misses the Net.
6:10 of 3rd period - Snap shot by Jason Ward.
6:10 of 3rd period - Shot Misses the Net.
6:12 of 3rd period - Snap shot by Ramzi Abid.
6:12 of 3rd period - Stopped by Mike Brodeur without a rebound.
6:13 of 3rd period - Marc Savard wins face-off versus Dominic Moore in Sabres zone.
6:17 of 3rd period - Minor Penalty to Steve Downie for Holding.
6:18 of 3rd period - Marc Savard wins face-off versus Dominic Moore in Sabres zone.
6:44 of 3rd period - Jason Smith is hit by Marcus Nilson and loses puck.
6:49 of 3rd period - Snap shot by Marcus Nilson.
6:49 of 3rd period - Stopped by Mike Brodeur with a rebound.
7:56 of 3rd period - Marc Savard is hit by Boyd Devereaux and loses puck.
8:17 of 3rd period - Penalty to Steve Downie is over, Steve Downie is back on ice.
8:56 of 3rd period - Slapshot by Ramzi Abid.
8:56 of 3rd period - Shot Hit the Post.
9:18 of 3rd period - Jason Ward is hit by Boyd Devereaux and loses puck.
9:29 of 3rd period - Icing by James Neal.
9:30 of 3rd period - Peter Prucha wins face-off versus Marc Savard in Sabres zone.
9:35 of 3rd period - Kevin Bieksa is hit by Craig Rivet and loses puck.
10:04 of 3rd period - Snap shot by Marcus Nilson.
10:04 of 3rd period - Shot Blocked by Dominic Moore.
10:06 of 3rd period - Slapshot by Kevin Bieksa.
10:06 of 3rd period - Deflect By Steve Downie.
10:06 of 3rd period - Stopped by Mike Brodeur with a rebound.
10:32 of 3rd period - Minor Penalty to Craig Rivet for Roughing.
10:33 of 3rd period - Dominic Moore wins face-off versus Marc Savard in Sabres zone.
10:42 of 3rd period - Wrist shot by Dominic Moore.
10:42 of 3rd period - Shot Misses the Net.
11:08 of 3rd period - Snap shot by Jan Bulis.
11:08 of 3rd period - Stopped by Mike Brodeur with a rebound.
11:24 of 3rd period - Snap shot by Mike Fisher.
11:24 of 3rd period - Shot Blocked by Branislav Mezei.
12:32 of 3rd period - Penalty to Craig Rivet is over, Craig Rivet is back on ice.
13:12 of 3rd period - Snap shot by Bates Battaglia.
13:12 of 3rd period - Stopped by Mike Brodeur without a rebound.
13:13 of 3rd period - Jan Bulis wins face-off versus Mike Fisher in Sabres zone.
13:14 of 3rd period - Wrist shot by Marcus Nilson.
13:14 of 3rd period - Stopped by Mike Brodeur with a rebound.
13:24 of 3rd period - Wrist shot by Kyle Calder.
13:24 of 3rd period - Shot Misses the Net.
13:58 of 3rd period - Wrist shot by Nathan Paetsch.
13:58 of 3rd period - Shot Misses the Net.
14:16 of 3rd period - Nathan Paetsch is hit by Branislav Mezei and loses puck.
14:21 of 3rd period - Wrist shot by David Booth.
14:21 of 3rd period - Shot Blocked by Steve Downie.
14:34 of 3rd period - Backhand shot by Steve Downie.
14:34 of 3rd period - Shot Blocked by David Booth.
14:36 of 3rd period - Snap shot by Dominic Moore.
14:36 of 3rd period - Shot Blocked by Pavel Bure.
14:38 of 3rd period - Slapshot by Nathan Paetsch.
14:38 of 3rd period - Stopped by Miika Kiprusoff without a rebound.
14:39 of 3rd period - Derick Brassard wins face-off versus Jan Bulis in Blue Jackets zone.
14:42 of 3rd period - Wrist shot by Ryan Hollweg.
14:42 of 3rd period - Deflect By Niclas Bergfors.
14:42 of 3rd period - Stopped by Miika Kiprusoff without a rebound.
14:43 of 3rd period - Jan Bulis wins face-off versus Derick Brassard in Blue Jackets zone.
14:43 of 3rd period - Jan Bulis is hit by Jason Smith.
14:48 of 3rd period - Minor Penalty to Niclas Bergfors for Hooking.
14:49 of 3rd period - Marc Savard wins face-off versus Dominic Moore in Sabres zone.
16:26 of 3rd period - Icing by Wade Redden.
16:27 of 3rd period - Boyd Devereaux wins face-off versus Jan Bulis in Blue Jackets zone.
16:48 of 3rd period - Penalty to Niclas Bergfors is over, Niclas Bergfors is back on ice.
16:52 of 3rd period - Slapshot by Ole-Kristian Tollefsen.
16:52 of 3rd period - Shot Blocked by Derek Morris.
16:58 of 3rd period - Jason Smith is hit by Ramzi Abid and loses puck.
18:30 of 3rd period - Wrist shot by David Booth.
18:30 of 3rd period - Stopped by Mike Brodeur with a rebound.
19:02 of 3rd period - Niclas Bergfors is hit by Marc Savard and loses puck.
19:43 of 3rd period - Chris Kelly is hit by Craig Rivet and loses puck.
Goals for this period are 0 for Sabres vs 0 for Blue Jackets.
Shots for this period are 3 for Sabres vs 10 for Blue Jackets.
Overtime #1
0:01 of 1st overtime period - Marc Savard wins face-off versus Boyd Devereaux in neutral zone.
2:42 of 1st overtime period - Slapshot by Wade Redden.
2:42 of 1st overtime period - Shot Misses the Net.
4:04 of 1st overtime period - Ladislav Smid is hit by Brad Stuart and loses puck.
4:31 of 1st overtime period - Peter Prucha is hit by Branislav Mezei and loses puck.
Goals for this period are 0 for Sabres vs 0 for Blue Jackets.
Shots for this period are 0 for Sabres vs 0 for Blue Jackets.
ShootOut
5:00 of 1st overtime period - Penalty Shot by Peter Prucha for Sabres.
5:00 of 1st overtime period - Wrist shot by Peter Prucha.
5:00 of 1st overtime period - Shot Misses the Net.
5:00 of 1st overtime period - Penalty Shot by Marc Savard for Blue Jackets.
5:00 of 1st overtime period - Snap shot by Marc Savard.
5:00 of 1st overtime period - Stopped by Mike Brodeur.
5:00 of 1st overtime period - Penalty Shot by Niclas Bergfors for Sabres.
5:00 of 1st overtime period - Snap shot by Niclas Bergfors.
5:00 of 1st overtime period - Stopped by Miika Kiprusoff.
5:00 of 1st overtime period - Penalty Shot by Pavel Bure for Blue Jackets.
5:00 of 1st overtime period - Snap shot by Pavel Bure.
5:00 of 1st overtime period - Shot Misses the Net.
5:00 of 1st overtime period - Penalty Shot by Mats Sundin for Sabres.
5:00 of 1st overtime period - Wrist shot by Mats Sundin.
5:00 of 1st overtime period - Goal by Mats Sundin.
5:00 of 1st overtime period - Penalty Shot by David Booth for Blue Jackets.
5:00 of 1st overtime period - Snap shot by David Booth.
5:00 of 1st overtime period - Goal by David Booth.
5:00 of 1st overtime period - Penalty Shot by Dominic Moore for Sabres.
5:00 of 1st overtime period - Deke by Dominic Moore.
5:00 of 1st overtime period - Goal by Dominic Moore.
5:00 of 1st overtime period - Penalty Shot by Jan Bulis for Blue Jackets.
5:00 of 1st overtime period - Snap shot by Jan Bulis.
5:00 of 1st overtime period - Stopped by Mike Brodeur.
Output by the SimonT Hockey Simulator (STHS) for François Prévost -- Original Page W3C XHTML 1.0 Valid